 Dungeon Crawl Stone Soup version 0.29.1-2-gbd0b4ee654 (webtiles) character file.

Game seed: 2272929997532062609

107 kingsuperguy the Cudgeller (level 4, 0/41 HPs)
             Began as a Minotaur Berserker on Nov 28, 2022.
             Was a Believer of Trog.
             Slain by an orc wizard
             ... wielding a +0 dagger
              (1 damage)
             ... on level 3 of the Dungeon.
             The game lasted 00:02:48 (2267 turns).

kingsuperguy the Cudgeller (Minotaur Berserker)     Turns: 2267, Time: 00:02:49

Health: 0/41       AC: 11    Str: 24    XL:     4   Next: 56%
Magic:  3/3        EV:  7    Int:  4    God:    Trog [**....]
Gold:   143        SH:  0    Dex:  9    Spells: 3/3 levels left

rFire   . . .      SeeInvis .   a - +0 mace
rCold   . . .      Faith    .   (no shield)
rNeg    . . .      Spirit   .   r - +0 plate armour
rPois   .          Reflect  .   (helmet restricted)
rElec   .          Harm     .   (no cloak)
rCorr   .          Rampage  .   (no gloves)
Will    .....                   (no boots)
Stlth   ..........              (no amulet)
HPRegen 0.13/turn               h - ring of flight
MPRegen 0.08/turn               (no ring)

@: mighty, on berserk cooldown, flying, slowed, invisible, very slow
A: horns 2, retaliatory headbutt, MP-powered wands
a: Renounce Religion, Berserk, Trog's Hand


You were on level 3 of the Dungeon.
You worshipped Trog.
Trog was pleased with you.
You visited 1 branch of the dungeon, and saw 3 of its levels.

You collected 143 gold pieces.

Inventory:

Hand Weapons
 a - a +0 mace (weapon)
 u - a +1 rapier of venom
Missiles
 n - 4 poisoned darts (quivered)
 o - 5 atropa-tipped darts
Armour
 b - a +0 animal skin
 p - a +0 scale mail
 r - a +0 plate armour (worn)
Jewellery
 h - a ring of flight (left hand)
Scrolls
 c - 3 scrolls of identify {unknown}
 d - a scroll of enchant weapon {unknown}
 e - 2 scrolls of fear {unknown}
 f - a scroll of teleportation {unknown}
 j - a scroll of immolation {unknown}
 k - a scroll of vulnerability {unknown}
 q - a scroll of magic mapping {unknown}
 s - a scroll of blinking {unknown}
 t - a scroll of summoning {unknown}
Potions
 l - a potion of might
 m - a potion of flight {unknown}
 v - 2 potions of heal wounds {unknown}


   Skills:
 + Level 4.8 Fighting
 + Level 5.2 Maces & Flails
 + Level 2.6 Armour
 + Level 2.7 Dodging
 + Level 0.2 Stealth


You had 3 spell levels left.
You didn't know any spells.
Your spell library was empty.

Dungeon Overview and Level Annotations

Branches:
Dungeon (3/15)

Altars:
Makhleb
Ru
Uskayaw

Shops:
D:2 [:[(


Innate Abilities, Weirdness & Mutations

You have a pair of horns on your head.
You reflexively headbutt those who attack you in melee.
You expend magic power (3 MP) to strengthen your wands.


Message History

You kill the orc priest!
Trog accepts your kill. The orc wizard casts a spell at you.
You are confused.
Your Maces & Flails skill increases to level 5!
Things that are here:
a +0 flail; 14 gold pieces; an orc corpse You're too confused to move!
You feel a strong urge to attack something.
The orc priest hits you with a +0 club.
* * * LOW HITPOINT WARNING * * *
The orc wizard hits you with a +0 dagger.
* * * LOW HITPOINT WARNING * * *
You're too confused to move!
You are no longer berserk.
You are exhausted.
You feel yourself slow down.
The orc priest hits you but does no damage.
The orc wizard casts a spell at you. The puff of flame misses you.
You feel better.
The orc priest invokes the aid of Beogh against you.
Pain shoots through your body!
* * * LOW HITPOINT WARNING * * *
The orc wizard gestures wildly while chanting.
The orc wizard flickers and vanishes!
Deactivating autopickup; reactivate with Ctrl-A.
It was a potion of might.
You feel very mighty all of a sudden.
The orc priest hits you but does no damage.
Something hits you but does no damage. The orc priest barely misses you.
Something hits you but does no damage.
It was a potion of invisibility.
You fade into invisibility!
The orc priest hits you but does no damage.
Something hits you but does no damage.
It was a potion of mutation.
You feel extremely strange.
You feel your magical essence link to the dungeon's wands.
The orc priest barely misses you. Something hits you.
You die...

#............# .#
###........#####....# ..
#<#........# #....###.#
..#........# #.........
###.######## .........
.........# .........
###.####.# #........
.......#.########o.......
.##.##.#.#+....)@{.......
.#...#.#.#.########.###..
..._.......# #
.#...#.#.#.# .##.##.#.#.#
.......#.#.# ###.####.#.#
..†......#.# ###.######.#


You could see an orc priest (unable to see you).

Vanquished Creatures
  An orc priest (D:3)
  3 adders (D:2)
  A worm (D:3)
  3 orcs (D:3)
  An endoplasm (D:1)
  2 giant cockroaches
  5 goblins
  7 hobgoblins
  3 jackals (D:2)
  A kobold (D:1)
  3 quokkas
  2 ball pythons
  A bat (D:3)
  3 frilled lizards
  6 rats
42 creatures vanquished.

Notes
Turn   | Place    | Note
-------+----------+-------------------------------------------
     0 | D:1      | kingsuperguy the Minotaur Berserker began the quest for the
                  | Orb.
     0 | D:1      | Reached XP level 1. HP: 19/19 MP: 0/0
   262 | D:1      | Reached XP level 2. HP: 22/27 MP: 1/1
   263 | D:1      | Reached skill level 4 in Maces & Flails
   312 | D:1      | You fall into a shaft and drop 1 floor!
   366 | D:2      | Found Ompouzobb's Antique Weapon Emporium.
   617 | D:2      | Found Haecvibi's Antique Armour Shop.
   624 | D:2      | Found a burning altar of Makhleb.
   711 | D:2      | Reached XP level 3. HP: 33/33 MP: 2/2
   758 | D:2      | Found Raarel's Book Shop.
  1170 | D:2      | Found Istroq's Antique Armour Emporium.
  1198 | D:1      | Noticed a golden eye
  1198 | D:1      | Found a faded altar of an unknown god.
  1214 | D:1      | Noticed a floating eye
  1216 | D:1      | Noticed an eye of devastation
  1216 | D:1      | Noticed a great orb of eyes
  2002 | D:3      | Reached XP level 4. HP: 41/41 MP: 3/3
  2013 | D:3      | Found a hide-covered altar of Uskayaw.
  2017 | D:3      | Reached ** piety under Trog
  2175 | D:3      | Found a sacrificial altar of Ru.
  2261 | D:3      | Reached skill level 5 in Maces & Flails
  2264 | D:3      | HP: 1/41 [orc priest/nerve-wracking pain (8)]
  2267 | D:3      | Gained mutation: You expend magic power (3 MP) to
                  | strengthen your wands. [potion of mutation]
  2267 | D:3      | Slain by an orc wizard

Illustrated notes

Levels and vault maps discovered:
D:1:      pf_arrival_petrified_forest, layout_basic,
          hellmonk_ecumenical_altar_watching_god
D:2:      layout_loops_ring, basic_altar, serial_shops,
          nicolae_shop_hallway_plus,
          nicolae_shop_temple_entry_statues_fountains, nicolae_square_shop, shop
D:3:      layout_basic, mainiacjoe_overflow_tiny_flanked,
          nicolae_ru_sacrificial_ziggurat

Skill      XL: |  1  2  3  4 |
---------------+-------------+-----
Fighting       | 4 |  4.8
Maces & Flails | 4 5 |  5.2
Armour         | |  2.6
Dodging        | |  2.7
Stealth        | |  0.2

Action                   |  1- 3 |  4- 6 || total
-------------------------+-------+-------++-------
Melee: Mace              |    71 |    13 ||    84
       Headbutt          |     9 |     4 ||    13
       Punch             |       |     1 ||     1
Invok: Berserk           |       |     1 ||     1
  Use: Potion            |     1 |     4 ||     5
Armor: Animal skin       |    11 |       ||    11
       Plate armour      |     8 |    14 ||    22
Dodge: Dodged            |    49 |     9 ||    58
